Map: 零纪元-天梯版

Players

msrm

  • Race: Zerg Zerg
  • League: Master

Neeb - Winner!

  • Race: Protoss Protoss

Event: WESG 2018 Grand Finals

VOD

Have the link to the VOD?

Description

Time

  • Played on: March 11, 2019, 6:11 a.m.
  • Length: 7:10

All games in this series

Show
View Real Time Build Order
Export as new Build Order

msrm Zerg 

Build Orders: Pool First 

Get SALT Encoding   

  12  0:01  Drone  
  13  0:13  Overlord  
  13  0:17  Drone  
  14  0:31  Drone x2  
  16  0:36  Drone  
  17  0:45  Extractor  
  17  0:46  Drone  
  17  0:51  Spawning Pool  
  17  0:56  Drone  
  17  1:17  Hatchery  
  16  1:21  Drone  
  17  1:26  Drone  
  17  1:29  Drone  
  19  1:40  Queen  
  21  1:48  Metabolic Boost  
  21  1:51  Zergling x2  
  22  1:59  Overlord  
  22  2:18  Zergling x4  
  22  2:22  Lair  
  24  2:23  Zergling x2  
  24  2:29  Queen  
  25  2:32  Zergling x2  
  25  2:36  Zergling x2  
  29  2:40  Zergling x2  
  30  2:49  Overlord  
  30  2:50  Zergling x2  
  31  2:54  Zergling x2  
  31  3:14  Zergling x10  
  36  3:25  Zergling x8  
  40  3:34  Zergling x4  
  41  3:45  Zergling x4  
  41  3:47  Overlord  
  39  4:03  Zergling x4  
  39  4:04  Zergling x2  
  41  4:11  Hydralisk Den  
  39  4:23  Drone x2  
  39  4:37  Drone x2  
  39  4:38  Drone x2  
  40  4:51  Overlord  
  40  4:53  Muscular Augments  
  40  5:00  Overlord  
  40  5:02  Overlord  
  35  5:28  Hydralisk x5  
  41  5:39  Overlord  
  39  5:57  Hydralisk  
  41  6:05  Zergling x4  
  41  6:06  Zergling x8  
  47  6:15  Hydralisk  
  49  6:21  Overlord  
  42  6:36  Hydralisk  
Show
View Real Time Build Order
Export as new Build Order

Neeb Protoss - Winner!

Build Orders: 1 Gate Expand, Oracle Opening, Zealot Archon 

Get SALT Encoding   

  12  0:00  Probe  
  13  0:12  Probe  
  14  0:19  Pylon  
  14  0:24  Probe  
  15  0:34  Probe  
  15  0:42  Probe  
  16  0:44  Gateway  
  16  0:49  Assimilator  
  17  0:52  Probe  
  19  1:04  Probe  
  19  1:16  Probe  
  20  1:27  Nexus  
  20  1:36  Cybernetics Core  
  20  1:39  Probe  
  21  1:45  Assimilator  
  21  1:51  Probe  
  21  1:53  Pylon  
  22  2:02  Adept  
  22  2:03  Probe  
  25  2:16  Probe  
  25  2:22  Adept, Stargate  
  26  2:28  Probe  
  27  2:33  Warp Gate  
  29  2:39  Probe  
  29  2:40  Probe  
  31  2:51  Probe  
  31  2:52  Adept, Probe  
  35  3:02  Oracle  
  35  3:03  Probe  
  35  3:04  Probe  
  37  3:07  Gateway  
  40  3:16  Probe  
  41  3:20  Shield Battery  
  41  3:25  Pylon  
  41  3:27  Probe  
  41  3:28  Probe  
  43  3:37  Shield Battery  
  43  3:38  Shield Battery  
  43  3:40  Void Ray  
  46  3:57  Probe x2  
  47  4:09  Probe x2  
  49  4:21  Adept, Probe x2  
  53  4:29  Pylon  
  53  4:30  Pylon  
  53  4:33  Pylon, Probe, Robotics Facility  
  54  4:41  Assimilator  
  54  4:42  Assimilator  
  54  4:47  Probe x2  
  56  4:53  Twilight Council  
  56  4:59  Probe  
  57  5:01  Gateway  
  57  5:02  Gateway  
  57  5:03  Pylon  
  57  5:13  Charge  
  57  5:16  Zealot x2  
  61  5:30  Gateway  
  61  5:32  Gateway x2  
  61  5:36  Gateway  
  61  5:37  Templar Archives  
  61  5:45  Gateway  
  61  5:47  Probe x2  
  63  5:55  Zealot x2  
  67  6:00  Pylon  
  67  6:03  Pylon  
  67  6:14  Zealot x2  
  67  6:18  High Templar x2  
  75  6:22  Archon  
  75  6:25  High Templar  
  77  6:26  Pylon  
  77  6:27  High Templar  
  77  6:28  Pylon  
  79  6:35  Archon  
  79  6:39  Zealot x5  
  83  6:53  Zealot x2  
  85  7:00  High Templar x2, Zealot x3  
  85  7:01  Zealot  
  85  7:07  Archon  
Tags
 
Add a new tag
Caveats
  • Supply blocks, unpowered buildings, or Contaminate may cause inaccurate times.
  • Supply counts are checked every 10 seconds.